 Dungeon Crawl Stone Soup version 0.19-a0-1019-g9c6a58d (webtiles) character file.

19 4thArraOfDagon the Skirmisher (level 2, -1/26 HPs)
             Began as a Centaur Abyssal Knight on July 25, 2016.
             Was a Follower of Lugonu.
             Slain by a kobold
             ... wielding a +0 whip
              (6 damage)
             ... on level 2 of the Dungeon.
             The game lasted 00:02:24 (462 turns).

4thArraOfDagon the Skirmisher (CeAK)                 Turns: 462, Time: 00:02:25

Health: -1/26      AC:  4    Str: 14    XL:     2   Next: 55%
Magic:  3/3        EV:  9    Int: 11    God:    Lugonu [*.....]
Gold:   68         SH:  0    Dex: 10    Spells: 0 memorised, 1 level left

rFire  + . .     SeeInvis .     e - staff of conjuration {!a}
rCold  x . .     Gourm    .     b - +0 leather armour
rNeg   . . .     Faith    .     (no shield)
rPois  .         Spirit   .     (no helmet)
rElec  .         Dismiss  .     (no cloak)
rCorr  .         Reflect  .     (no gloves)
SustAt .         Harm     .     (no barding)
MR     .....                    (no amulet)
Stlth  ..........               f - ring of fire
                                d - +2 ring of dexterity

@: very quick, not resistant to hostile enchantments, extremely unstealthy
A: hooves 3, deformed body, speed 2, tough skin 3
a: Depart the Abyss, Renounce Religion


You were on level 2 of the Dungeon.
You worshipped Lugonu.
Lugonu was aware of your devotion.
You were not hungry.

You visited 1 branch of the dungeon, and saw 2 of its levels.
You visited the Abyss 1 time.

You collected 68 gold pieces.

Inventory:

Hand Weapons
 a - a +1 falchion
Armour
 b - a +0 leather armour (worn)
Magical Staves
 e - an uncursed staff of conjuration (weapon) {!a}
Jewellery
 d - a +2 ring of dexterity (left hand)
 f - a ring of fire (right hand)
Scrolls
 g - a scroll of fog {unknown}
 h - a scroll of enchant armour {unknown}
Comestibles
 c - a bread ration
 j - 2 meat rations


   Skills:
 - Level 3.0 Fighting
 - Level 1.7 Long Blades
 + Level 2.0 Staves
 - Level 1.3 Armour
 - Level 0.6 Dodging
 - Level 2.0 Invocations


You had one spell level left.
You didn't know any spells.

Dungeon Overview and Level Annotations

Branches:
Dungeon (2/15)

Altars:


Innate Abilities, Weirdness & Mutations

You have hooves in place of feet.
Armour fits poorly on your strangely shaped body.
You cover ground very quickly.
You have extremely tough skin. (AC +3)


Message History

Found a stone staircase leading down.
You hit the giant newt.
You kill the giant newt!
Lugonu accepts your kill.
Found a stone staircase leading down.
There is a stone staircase leading down here.
You climb downwards.
A kobold comes into view. It is wielding a whip.
Found a ring mail and a potion of curing.
Found an escape hatch in the floor.
There is a stone staircase leading up here.
Found a runed trident.
The kobold hits you with a whip.
* * * LOW HITPOINT WARNING * * *
You hit the kobold but do no damage. The kobold hits you but does no damage.
You are too injured to fight recklessly!
You hit the kobold.
The kobold is moderately wounded.
The kobold hits you with a whip.
You die...

##>.## .....#
#..... #.##.#
#.##.#
###.##.#####
#........[.###
#<..@K......
#......###.###
#.###..!# #.
#...# . #...#
## ..#.# )##.#
#. .#


You could see a kobold.

Vanquished Creatures
  A giant cockroach (D:1)
  2 goblins (D:1)
  2 hobgoblins (D:1)
  4 jackals (D:1)
  4 kobolds (D:1)
  3 bats (D:1)
  A giant newt (D:1)
17 creatures vanquished.

Notes
Turn   | Place    | Note
-------+----------+-------------------------------------------
     0 | Abyss:1  | 4thArraOfDagon the Centaur Abyssal Knight began the quest for the Orb.
     0 | Abyss:1  | Reached XP level 1. HP: 19/19 MP: 2/2
    38 | Abyss:2  | Noticed a worldbinder
    44 | Abyss:2  | Noticed a blink frog
    44 | Abyss:2  | Noticed a yak
    44 | Abyss:2  | Noticed a yak
    91 | Abyss:3  | Noticed an ancient zyme
   102 | Abyss:3  | Noticed a starcursed mass
   129 | Abyss:3  | Noticed a soul eater
   135 | Abyss:3  | Noticed a large abomination
   136 | D:1      | Escaped the Abyss
   217 | D:1      | Reached skill level 1 in Staves
   271 | D:1      | Reached * piety under Lugonu
   309 | D:1      | Reached XP level 2. HP: 12/26 MP: 3/3
   462 | D:2      | Slain by a kobold

Vault maps used:
D:1:      sevenhm_arrival_forest_fort_large_4
D:2:      first_bread, ecumenical_altar_2

Skill      XL: |  1  2 |
---------------+-------+-----
Staves         | 1 2 |  2.0
Fighting       | |  3.0
Long Blades    | |  1.7
Armour         | |  1.3
Dodging        | |  0.6
Invocations    | |  2.0

Action                   || total
-------------------------++-------
Melee: Staff             ||    53
       Kick              ||    11
Invok: Depart the Abyss  ||     1
  Use: Potion            ||     4
Armor: Leather armour    ||    33
Dodge: Dodged            ||    35
